 Dungeon Crawl Stone Soup version 0.31-a0-818-ge7c7cf74f0 (webtiles) character file.

Game seed: 12365187749352966011

256 bobo the Magician (level 5, -10/30 HPs)
             Began as a Deep Elf Air Elementalist on Sept 21, 2023.
             Was an Initiate of Vehumet.
             Mangled by a yak (13 damage)
             ... on level 3 of the Dungeon on Sept 22, 2023.
             The game lasted 00:10:27 (3509 turns).

bobo the Magician (Deep Elf Air Elementalist)       Turns: 3509, Time: 00:10:27

Health: -10/30     AC:  6    Str:  5    XL:     5   Next: 92%
Magic:  9/14       EV: 13    Int: 19    God:    Vehumet [......]
Gold:   80         SH:  0    Dex: 21    Spells: 2/13 levels left

rFire   . . .        d - +1 mace (protect)
rCold   . . .        (no shield)
rNeg    . . .        m - +2 robe "Jefaibed" {rPois Int-3 Archmagi}
rPois   +            j - +1 helmet
rElec   .            (no cloak)
rCorr   .            (no gloves)
SInv    .            (no boots)
Will    .....        i - amulet of regeneration
Stlth   ++           k - +6 ring of dexterity
HPRegen 1.05/turn    (no ring)
MPRegen 0.14/turn

%: archmagi
@: no status effects
A: no striking features
a: Renounce Religion


You were on level 3 of the Dungeon.
You worshipped Vehumet.
Vehumet was noncommittal.
You visited 1 branch of the dungeon, and saw 4 of its levels.

You collected 80 gold pieces.

Inventory:

Hand Weapons
 d - a +1 mace of protection (weapon)
Armour
 j - a +1 helmet (worn)
 m - the +2 robe "Jefaibed" (worn) {rPois Int-3 Archmagi}
   (You found it on level 3 of the Dungeon)

   Int-3:     It affects your intelligence (-3).
   rPois:     It protects you from poison Archmagi: It increases the power of
   your magical spells.
Jewellery
 i - an amulet of regeneration (around neck)
 k - a +6 ring of dexterity (left hand)
Scrolls
 a - a scroll of fog
 f - a scroll of poison
 g - 2 scrolls of immolation {unknown}
 n - a scroll of brand weapon {unknown}
 o - a scroll of torment {unknown}
Potions
 b - a potion of magic
 c - a potion of haste {unknown}
 e - a potion of enlightenment {unknown}
 l - a potion of brilliance


   Skills:
 + Level 2.1 Fighting
 - Level 2.4 Dodging
 - Level 2.4 Stealth
 + Level 4.7 Spellcasting
 + Level 3.1 Conjurations
 * Level 4.2 Air Magic
 - Level 1.0 Earth Magic


You had 2 spell levels left.
You knew the following spells:

 Your Spells              Type           Power      Damage    Failure   Level
a - Shock                 Conj/Air       100%       1d9       2%          1
d - Static Discharge      Conj/Air       54%        2-5/arc   4%          2
e - Swiftness             Air            31%        N/A       7%          3
s - Sandblast             Erth           24%        2d8       9%          1
z - Airstrike             Air            15%        2d(3-19)  22%         4

Your spell library contained the following spells:

 Spells                   Type           Power      Damage    Failure   Level
 Passwall                 Tmut/Erth      7%         N/A       16%         2
 Stone Arrow              Conj/Erth      36%        3d9       16%         3
 Brom's Barrelling Bould  Conj/Erth      18%        2d4       47%         4


Dungeon Overview and Level Annotations

Branches:
Dungeon (4/15)
 Temple: D:4-7

Altars:
Ru
Trog
Vehumet
Xom

Annotations:
D:4 Natasha, Pikel


Message History

The yak closely misses you.
You climb upwards.
There is a stone staircase leading down here.
Casting: Shock (safe; 2% risk of failure)
Confirm with . or Enter, or press ? or * to list all spells.
Aiming: Shock (safe; 2% risk of failure)
Press: ? - help, Shift-Dir - straight line You feel a surge of power!
The zap hits the yak.
The yak is lightly wounded.
The zap hits the yak.
The yak is moderately wounded.
The yak gores you.
Casting: Shock (safe; 2% risk of failure)
Confirm with . or Enter, or press ? or * to list all spells.
Aiming: Shock (safe; 2% risk of failure)
Press: ? - help, Shift-Dir - straight line You feel a surge of power!
The zap hits the yak.
The yak is heavily wounded.
The zap misses the yak.
The yak barely misses you.
Casting: Shock (safe; 2% risk of failure)
Confirm with . or Enter, or press ? or * to list all spells.
Aiming: Shock (safe; 2% risk of failure)
Press: ? - help, Shift-Dir - straight line You feel a surge of power!
The zap hits the yak.
The yak is heavily wounded.
The zap hits the yak.
The yak is severely wounded.
The yak gores you!
Casting: Shock (safe; 2% risk of failure)
Confirm with . or Enter, or press ? or * to list all spells.
Aiming: Shock (safe; 2% risk of failure)
Press: ? - help, Shift-Dir - straight line You feel a surge of power!
The zap misses the yak.
The zap hits the yak.
The yak is severely wounded.
The yak gores you!
Ouch! That really hurt!
* * * LOW HITPOINT WARNING * * *
As you read the scroll labelled XUXOHISARYISM, it dissolves into smoke.
It was a scroll of fog.
The yak gores you!
You die...

####'## #..####.###
#.....# #..# #.# #
########.....# #.## #.#
# #......#....## #####.#
#.###
#.#######..######.....#
#.... #.# #''#
#....###.######### #.#
#P..P #§####...[........
###.#
##__###Y####.#.#########
....#
#⌠⌠#§§@§§.........#
#####
#####.§#####...##..# #
#.##...# #...##..##### #
#......# #...#........ #
#......# #.######..### #
#......# #.# ##..# #
###.#### #.# ##.## # #.#
#.##### #..# # #.#
#.....# ##..


You could see a yak.

Vanquished Creatures
  An orc priest (D:3)
  A sleepcap (D:4)
  An iguana (D:4)
  Terence (D:3)
  An orc wizard (D:3)
  A statue (D:3)
  4 adders
  3 orcs (D:3)
  7 ball pythons
  4 bats
  6 endoplasms
  3 giant cockroaches
  7 goblins
  7 hobgoblins
  4 kobolds
  4 quokkas
  A frilled lizard (D:2)
  6 rats
62 creatures vanquished.

Notes
Turn   | Place    | Note
-------+----------+-------------------------------------------
     0 | D:1      | bobo the Deep Elf Air Elementalist began the quest for the
                  | Orb.
     0 | D:1      | Reached XP level 1. HP: 10/10 MP: 6/6
     0 | D:1      | Upgraded the game from 0.31-a0-810-ga77100ea1a to
                  | 0.31-a0-818-ge7c7cf74f0
   247 | D:1      | Learned a level 1 spell: Sandblast
   334 | D:1      | Reached XP level 2. HP: 16/16 MP: 4/8
  1114 | D:2      | Reached XP level 3. HP: 20/20 MP: 6/9
  1257 | D:2      | Learned a level 2 spell: Static Discharge
  1261 | D:2      | Learned a level 3 spell: Swiftness
  1501 | D:2      | Reached skill level 1 in Earth Magic
  1600 | D:2      | Reached skill level 1 in Fighting
  1975 | D:3      | Noticed Terence
  1991 | D:3      | Killed Terence
  1992 | D:3      | Reached XP level 4. HP: 25/25 MP: 0/11
  2094 | D:3      | Identified the +2 robe "Jefaibed" {rPois Int-3 Archmagi}
  2170 | D:3      | Identified the +5 plate armour "Wareplilu" {+Blink rC+ MP-9
                  | Dex+6}
  2594 | D:3      | Reached XP level 5. HP: 30/30 MP: 7/13
  2755 | D:3      | Found a sacrificial altar of Ru.
  2755 | D:3      | Found a shimmering altar of Xom.
  2881 | D:3      | Found a radiant altar of Vehumet.
  2881 | D:3      | Noticed a frost-covered statue
  3029 | D:3      | Killed a frost-covered statue
  3035 | D:3      | Became a worshipper of Vehumet
  3053 | D:4      | Noticed a lemure
  3053 | D:4      | Noticed a lemure
  3055 | D:4      | Noticed Pikel
  3057 | D:4      | Noticed a lemure
  3057 | D:4      | Noticed a lemure
  3065 | D:3      | Learned a level 4 spell: Airstrike
  3183 | D:4      | Found a bloodstained altar of Trog.
  3462 | D:4      | Noticed Natasha
  3498 | D:4      | Noticed a yak
  3502 | D:4      | Noticed a yak
  3509 | D:3      | Mangled by a yak

Illustrated notes

Levels and vault maps discovered:
D:1:      evilmike_arrival_rings, layout_rooms, ebering_dispersal_statue_hall,
          hangedman_decor_slide_cut, minmay_tiny_reverse_x
D:2:      layout_basic
D:3:      layout_basic, gammafunk_temple_overflow_wave, vehumet_statue,
          uniq_terence
D:4:      layout_loops_ring, lemuel_crystal_altar, jmf_multi_god_temple,
          uniq_menkaure, uniq_natasha, uniq_pikel

Skill      XL: |  1  2  3  4  5 |
---------------+----------------+-----
Earth Magic    | 1 |  1.0
Fighting       | 1 2 |  2.1
Conjurations   | 2 3 |  3.1
Spellcasting   | 4 |  4.7
Air Magic      | 4 |  4.2
Dodging        | |  2.4
Stealth        | |  2.4

Action                     |  1- 3 |  4- 6 || total
---------------------------+-------+-------++-------
  Melee: Mace              |     5 |       ||     5
   Cast: Shock             |    68 |    77 ||   145
         Sandblast         |    28 |    12 ||    40
         Static Discharge  |       |     2 ||     2
    Use: Scroll            |     1 |     3 ||     4
 Armour: Robe              |    21 |    13 ||    34
  Dodge: Dodged            |    25 |    11 ||    36

Table legend: (Time is in decaauts)
 A = Elapsed time spent in this place.
 B = Non-inter-level travel time spent in this place.
 C = Inter-level travel time spent in this place.
 D = Time resting spent in this place.
 E = Time spent auto-exploring this place.
 F = Levels seen in this place.
 G = Mean time per level.
                   A        B        C        D        E       F      G
               +--------+--------+--------+--------+--------+-----+--------+
         Total |   3529 |   3405 |    124 |    187 |   2702 |   4 |  882.2 |
       Dungeon |   3529 |   3405 |    124 |    187 |   2702 |   4 |  882.2 |
               +--------+--------+--------+--------+--------+-----+--------+

Top non-repeatable levels by time:
     D:3: 1165 daAuts
     D:1: 987 daAuts
     D:2: 963 daAuts
     D:4: 413 daAuts
